 Dungeon Crawl Stone Soup version 0.20-a0-550-gf70bbbc (webtiles) character file.

230 krabocopter the Chopper (level 5, 0/42 HPs)
             Began as a Demonspawn Berserker on Feb 2, 2017.
             Was a Priest of Trog.
             Killed from afar by an orc wizard (10 damage)
             ... with a puff of flame
             ... on level 4 of the Dungeon.
             The game lasted 00:10:14 (2654 turns).

krabocopter the Chopper (Demonspawn Berserker)      Turns: 2654, Time: 00:10:16

Health: 0/42       AC: 12    Str: 18    XL:     5   Next: 72%
Magic:  5/5        EV: 11    Int:  8    God:    Trog [***...]
Gold:   182        SH:  0    Dex: 13    Spells: 4/4 levels left

rFire    . . .     SeeInvis .   a - +0 hand axe
rCold    + . .     Gourm    .   v - +2 ring mail {rC+}
rNeg     . . .     Faith    .   (no shield)
rPois    .         Spirit   .   i - +0 helmet
rElec    .         Reflect  .   o - +0 cloak
rCorr    .         Harm     .   x - +0 pair of gloves
MR       .....                  (no boots)
Stlth    ..........             (no amulet)
Regen    0.2/turn               (no ring)
                                (no ring)

@: exhausted
A: hooves 2, molten scales 1, demonic guardian 1
a: Berserk, Trog's Hand, Burn Spellbooks, Renounce Religion


You were on level 4 of the Dungeon.
You worshipped Trog.
Trog was most pleased with you.
You were hungry.

You visited 1 branch of the dungeon, and saw 4 of its levels.

You collected 182 gold pieces.

Inventory:

Hand Weapons
 a - a +0 hand axe (weapon)
 w - a +1 short sword of flaming
Armour
 i - a +0 helmet (worn)
 k - a +0 leather armour
 o - a +0 cloak (worn)
 v - a +2 ring mail of cold resistance (worn)
 x - a +0 pair of gloves (worn)
Wands
 y - a wand of flame (26/48)
Scrolls
 b - a scroll of fear {unknown}
 e - 2 scrolls of identify
 f - 2 scrolls of teleportation {unknown}
 l - a scroll of noise {unknown}
 p - a scroll of amnesia {unknown}
 q - a scroll of remove curse {unknown}
 s - a scroll of immolation {unknown}
Potions
 d - a potion of flight {unknown}
 h - 3 potions of heal wounds {unknown}
 j - a potion of ambrosia {unknown}
 m - a potion of agility {unknown}
 n - 2 potions of might
 r - 2 potions of curing {unknown}
 u - 2 potions of haste
 z - 2 potions of cure mutation {unknown}
Comestibles
 c - 2 bread rations
 g - a meat ration
 t - 2 chunks of flesh


   Skills:
 + Level 4.2 Fighting
 * Level 5.2 Axes
 - Level 1.7 Armour
 - Level 1.7 Dodging


You had 4 spell levels left.
You didn't know any spells.

Dungeon Overview and Level Annotations

Branches:
Dungeon (4/15)
 Temple: D:4-7

Altars:
Ashenzari
Cheibriados
Elyvilon
Gozag
Nemelex Xobeh
The Shining One


Innate Abilities, Weirdness & Mutations

You have hoof-like feet.
You are partially covered in molten scales. (AC +2)
A weak demonic guardian rushes to your aid.


Message History

You hit the orc. Your kick misses the orc.
The orc is severely wounded.
You closely miss something. Something hits you but does no damage.
The orc hits you but does no damage.
You hit the orc.
The orc is severely wounded.
You hit something.
You hear some strange, mumbled words.
A puff of flame appears from out of thin air!
The puff of flame hits you!
* * * LOW HITPOINT WARNING * * *
The orc barely misses you.
Your ring mail prevents you from hitting the orc.
You kick the orc, but do no damage.
The orc is severely wounded.
You barely miss something.
You hear some strange, mumbled words.
A puff of flame appears from out of thin air!
The puff of flame hits you!
You die...

....# ...#
#####..#
#..##..+
#......#
#......#
#..##### #
#..##..##..#
#..@o......+
#..#{).....#
#..#.......#
#..#.......#
#..#...##..#
#..#...# ##
#..##..#
#..##..#
#...#...


You could see an orc.

Vanquished Creatures
  Terence (D:3)
  A worker ant (D:4)
  5 adders
  2 oozes (D:3)
  3 worms
  4 dart slugs
  A leopard gecko (D:1)
  12 orcs
  4 bats
  6 giant cockroaches
  9 hobgoblins
  7 jackals
  2 quokkas
  8 frilled lizards
  5 goblins
  8 kobolds
  7 rats
85 creatures vanquished.

Vanquished Creatures (collateral kills)
  An orc wizard (D:4)
  A hobgoblin (D:3)
2 creatures vanquished.

Grand Total: 87 creatures vanquished

Notes
Turn   | Place    | Note
-------+----------+-------------------------------------------
     0 | D:1      | krabocopter the Demonspawn Berserker began the quest for the Orb.
     0 | D:1      | Reached XP level 1. HP: 18/18 MP: 1/1
    69 | D:1      | Reached skill level 3 in Axes
   325 | D:1      | Gained mutation: A weak demonic guardian rushes to your aid. [demonic ancestry]
   325 | D:1      | Reached XP level 2. HP: 22/24 MP: 2/2
   640 | D:1      | Gained mutation: You are partially covered in molten scales. (AC +2) [demonic ancestry]
   640 | D:1      | Reached XP level 3. HP: 26/29 MP: 3/3
   800 | D:1      | Reached ** piety under Trog
  1219 | D:2      | Reached skill level 4 in Axes
  1530 | D:2      | Gained mutation: You have large cloven feet. [demonic ancestry]
  1530 | D:2      | Reached XP level 4. HP: 24/35 MP: 4/4
  1667 | D:2      | Found a snail-covered altar of Cheibriados.
  1844 | D:3      | Noticed Terence
  1855 | D:3      | Killed Terence
  1913 | D:3      | Gained mutation: You have hoof-like feet. [demonic ancestry]
  1913 | D:3      | Reached XP level 5. HP: 29/42 MP: 5/5
  2294 | D:3      | Reached *** piety under Trog
  2399 | D:3      | Found a glowing golden altar of the Shining One.
  2418 | D:3      | Found an opulent altar of Gozag.
  2550 | D:3      | Found a white marble altar of Elyvilon.
  2550 | D:3      | Found a sparkling altar of Nemelex Xobeh.
  2551 | D:3      | Found a shattered altar of Ashenzari.
  2586 | D:4      | Reached skill level 5 in Axes
  2654 | D:4      | Killed from afar by an orc wizard

Vault maps used:
D:1:      roderic_chinese_lattice_arrival
D:2:      lemuel_coloured_pillars_altar
D:3:      old_standard_altar, gammafunk_temple_overflow_claw,
          nicolae_gozag_cash_rules_everything_around_me, first_bread,
          uniq_terence
D:4:      lightli_temple_of_fire, temple_green, uniq_edmund

Skill      XL: |  1  2  3  4  5 |
---------------+----------------+-----
Axes           | 3 4 5 |  5.2
Fighting       | 4 |  4.2
Armour         | |  1.7
Dodging        | |  1.7

Action                   |  1- 3 |  4- 6 || total
-------------------------+-------+-------++-------
Melee: Hand axe          |   146 |   159 ||   305
       Kick              |       |    44 ||    44
Invok: Berserk           |     1 |     4 ||     5
  Use: Potion            |     1 |       ||     1
       Scroll            |       |     1 ||     1
 Stab: Sleeping          |     2 |       ||     2
  Eat: Chunk             |     3 |     7 ||    10
Armor: Animal skin       |    12 |       ||    12
       Leather armour    |    23 |    37 ||    60
       Ring mail         |       |    36 ||    36
Dodge: Dodged            |   120 |    96 ||   216
